 Dungeon Crawl Stone Soup version 0.23.2-1-ga50397a (webtiles) character file.

Game seed: 8092924826026247706

2431 Goblin1989 the Summoner (level 9, -3/63 (65) HPs)
             Began as a Gnoll Summoner on May 10, 2019.
             Was a Believer of Cheibriados.
             Slain by a wight
             ... wielding a +0 long sword
              (13 damage)
             ... on level 7 of the Dungeon on May 11, 2019.
             The game lasted 00:25:53 (9280 turns).

Goblin1989 the Summoner (Gnoll Summoner)            Turns: 9280, Time: 00:25:53

HP:   -3/63 (65)    AC:  6    Str: 22    XL:     9   Next: 48%
MP:   7/18          EV: 16    Int: 26    God:    Cheibriados [**....]
Gold: 442           SH:  5    Dex: 21    Spells: 10/21 levels left

rFire    . . .     SeeInvis .   m - +3 short sword (freeze)
rCold    . . .     Gourm    .   b - +0 buckler
rNeg     . . .     Faith    .   u - +0 robe (curse)
rPois    .         Spirit   .   j - +1 helmet
rElec    .         Reflect  .   (no cloak)
rCorr    .         Harm     .   U - +0 pair of gloves
MR       .....                  z - +0 pair of boots
Stlth    +++.......             r - amulet of regeneration
HPRegen  0.60/turn              x - +4 ring of strength
MPRegen  0.16/turn              (no ring)

@: heavily drained, very slow
A: distributed training, fangs 1, strong nose
a: Bend Time, Renounce Religion


You were on level 7 of the Dungeon.
You worshipped Cheibriados.
Cheibriados was pleased with you.
You were not hungry.

You visited 1 branch of the dungeon, and saw 7 of its levels.
You also visited: Sewer.

You collected 442 gold pieces.

Inventory:

Hand Weapons
 g - the +1 broad axe of Heolin {drain, MP+9, unknown}
   (You found it on level 6 of the Dungeon)

   A truly terrible weapon, it drains the life of those it strikes.
   It affects your magic capacity (+9).
 h - a +0 dagger of holy wrath
 i - a +2 dagger of venom
 m - a +3 short sword of freezing (weapon)
 p - a cursed -2 dagger
 v - a +1 war axe of freezing
 w - a +0 blowgun {@w1}
 A - a cursed +0 whip
 I - a +1 war axe of freezing
 R - a +0 hand axe of venom
 S - a +0 trident
Missiles
 d - 45 sling bullets
 f - 87 arrows
 C - 43 poisoned needles
 T - 4 curare-tipped needles
 W - 77 stones (quivered) {@Q3}
 Z - a throwing net {!d , @Q1}
Armour
 b - a +0 buckler (worn)
 j - a +1 helmet (worn)
 u - a cursed +0 robe (worn)
 z - a +0 pair of boots (worn)
 U - a +0 pair of gloves (worn)
Jewellery
 r - an amulet of regeneration (around neck)
 x - a +4 ring of strength (left hand)
 J - a +2 amulet of reflection {unknown}
 O - an uncursed amulet of the acrobat {unknown}
Wands
 c - a wand of disintegration (13)
Scrolls
 a - a scroll of silence {unknown}
 s - 2 scrolls of teleportation {unknown}
 y - 3 scrolls of fog {unknown}
 B - 2 scrolls of random uselessness {unknown}
 D - 2 scrolls of magic mapping {unknown}
 F - a scroll of blinking {unknown}
 G - a scroll of fear {unknown}
 H - a scroll of amnesia {unknown}
 K - 5 scrolls of identify {unknown}
 N - a scroll of noise {unknown}
 V - a scroll of enchant weapon {unknown}
Potions
 k - a potion of flight {unknown}
 l - a potion of agility {unknown}
 n - 2 potions of might {@q4}
 o - 3 potions of ambrosia {unknown}
 q - 3 potions of degeneration {unknown}
 t - 3 potions of lignification {unknown}
 E - 3 potions of heal wounds {unknown}
 L - 3 potions of invisibility {unknown}
 P - 2 potions of mutation {unknown}
 Q - a potion of berserk rage {unknown}
 X - a potion of magic {unknown}
 Y - 4 potions of curing {unknown}
Comestibles
 e - 5 rations


   Skills:
 + Level 4.2(2.9) Fighting
 + Level 4.2(2.9) Short Blades
 + Level 4.2(2.9) Long Blades
 + Level 4.2(2.9) Axes
 + Level 4.2(2.9) Maces & Flails
 + Level 4.2(2.9) Polearms
 + Level 4.2(2.9) Staves
 + Level 4.2(2.9) Slings
 + Level 4.2(2.9) Bows
 + Level 4.2(2.9) Crossbows
 + Level 4.2(2.9) Throwing
 + Level 4.2(2.9) Armour
 + Level 6.3(4.9) Dodging
 + Level 6.0(4.6) Stealth
 + Level 4.2(2.9) Shields
 + Level 4.2(2.9) Unarmed Combat
 + Level 6.6(5.2) Spellcasting
 + Level 3.4(2.2) Conjurations
 + Level 3.4(2.2) Hexes
 + Level 3.4(2.2) Charms
 + Level 8.0(6.5) Summonings
 + Level 3.4(2.2) Necromancy
 + Level 3.4(2.2) Translocations
 + Level 3.4(2.2) Transmutations
 + Level 3.4(2.2) Fire Magic
 + Level 3.4(2.2) Ice Magic
 + Level 3.4(2.2) Air Magic
 + Level 3.4(2.2) Earth Magic
 + Level 3.4(2.2) Poison Magic
 + Level 4.6(3.3) Invocations
 + Level 4.2(2.9) Evocations


You had 10 spell levels left.
You knew the following spells:

 Your Spells              Type           Power        Failure   Level  Hunger
a - Summon Small Mammal   Summ           ####         1%          1    None
b - Call Imp              Summ           #####...     1%          2    None
c - Summon Ice Beast      Ice/Summ       ####....     14%         4    ###....
l - Summon Lightning Spi  Summ/Air       ####....     14%         4    ###....

Your spell library contained the following spells:

 Spells                   Type           Power        Failure   Level  Hunger
 Call Canine Familiar     Summ           #####...     1%          3    #......
 Summon Guardian Golem    Hex/Summ       ####....     4%          3    #......


Dungeon Overview and Level Annotations

Branches:
Dungeon (7/15)             Temple (0/1) D:5

Altars:
Cheibriados
Kikubaaqudgha
Okawaru
Sif Muna

Shops:
D:6 %


Innate Abilities, Weirdness & Mutations

Your experience applies equally to all skills.
You have very sharp teeth.
Your uncanny sense of smell can sniff out nearby items.


Message History

No target in view!
No target in view!
No target in view!
No target in view!
No target in view!
No target in view!
No target in view!
No target in view!
You feel your health improve.
Found a stone staircase leading up.
Health restored: 63 All of the chunks of flesh in your inventory have rotted away.
f - 87 arrows (gained 10)
A steam dragon comes into view. 3 wights come into view.
The helpless steam dragon fails to defend itself.
You impale the steam dragon!! You freeze the steam dragon!
You kill the steam dragon!
Cheibriados thoroughly appreciates the change of pace.
Your base Stealth skill increases to level 6!
Your base Summonings skill increases to level 8!
The helpless wight fails to defend itself.
You impale the wight!!
You destroy the wight!
Cheibriados appreciates the change of pace.
A wight comes into view. It is wielding a +0 long sword.
The wight hits you with a cursed +3 great sword!
You feel drained. The wight completely misses you.
Things that are here:
a cursed +0 great sword; a +0 robe You take 10 damage, and have 53/63 hp.
You puncture the wight!
The wight is heavily damaged.
The wight barely misses you.
You closely miss the wight.
The wight is heavily damaged.
The wight completely misses you. The wight hits you with a +5 trident!
You take 14 damage, and have 39/63 hp.
MASSIVE DAMAGE!!
You hit the wight.
The wight is heavily damaged.
The wight completely misses you. The wight barely misses you.
You hit the wight.
The wight is severely damaged.
The wight closely misses you.
The wight hits you with a cursed +3 great sword!
You feel drained.
* * * LOW HITPOINT WARNING * * *
You take 12 damage, and have 28/63 hp.
The wight misses you.
The wight hits you with a cursed +3 great sword.
* * * LOW HITPOINT WARNING * * *
You see here a steam dragon corpse.
You take 4 damage, and have 25/63 hp.
Casting: Summon Lightning Spire (safe; 14% risk of failure)
Confirm with . or Enter, or press ? or * to list all spells.
You don't know that spell.
Unknown command.
Casting: Summon Lightning Spire (safe; 14% risk of failure)
Confirm with . or Enter, or press ? or * to list all spells.
Aiming: Summon Lightning Spire (safe; 14% risk of failure)
Press: ? - help, Dir - move target cursor An electric hum fills the air.
You now have 14/18 mp.
Casting: Summon Lightning Spire (safe; 14% risk of failure)
Confirm with . or Enter, or press ? or * to list all spells.
A beastly little devil appears in a puff of frigid air.
The wight closely misses you.
The wight hits you with a cursed +3 great sword!!
* * * LOW HITPOINT WARNING * * *
You block the wight's attack.
You take 19 damage, and have 7/63 hp.
MASSIVE DAMAGE!!
You now have 12/18 mp.
You swap places.
The wight closely misses your white imp.
The wight barely misses your white imp.
Your white imp gestures at the wight.
The puff of frost hits the wight.
The wight completely resists.
The wight completely misses your white imp.
Casting: Call Imp (safe; 1% risk of failure)
Confirm with . or Enter, or press ? or * to list all spells.
A beastly little devil appears in a puff of frigid air.
The wight hits your white imp with a cursed +3 great sword!!
Your white imp dies!
You now have 10/18 mp.
Unknown command.
Casting: Call Imp (safe; 1% risk of failure)
Confirm with . or Enter, or press ? or * to list all spells.
A beastly little devil appears in a puff of flame.
Your lightning spire shoots out a bolt of lightning at the wight!
The bolt of electricity hits the wight.
The bolt of electricity hits the wight!
The bolt of electricity hits your lightning spire.
Your lightning spire completely resists.
The wight hits your lightning spire but does no damage.
You now have 9/18 mp.
Unknown command.
Unknown command.
Casting: Call Imp (safe; 1% risk of failure)
Confirm with . or Enter, or press ? or * to list all spells.
A beastly little devil appears in a puff of frigid air.
The wight hits you with a +0 long sword!
You die...

█...<..........██.█
..
█.................█
..
█..............████
..
██............██████
█..
██..........█(.....
....
██████.†█.5.......
....█
██..██5.█<..... ..>.
█..███8████████ ██
█. █.██.@zz).█ █..█.
██.██...z█..█ █..
█..██...5██.█ █.
██.█ ██.███....█ .█
██.██... █..█


██%███ █ ██....... █.██ █.█ ......... █.█ ..█ .......██ ██.█ .███ ..⌂...███ █..█
........█ You could see 3 wights, a friendly lightning spire, a friendly crimson
imp and 2 friendly white imps.

Vanquished Creatures
  A steam dragon (D:7)
  Menkaure (D:4)
  A black bear (D:7)
  A necrophage (D:7)
  3 ogres
  2 centaurs (D:6)
  4 big kobolds (Sewer)
  3 bullfrogs (D:6)
  A water moccasin zombie (D:6)
  A scorpion (D:5)
  2 wights (D:7)
  2 bullfrog zombies
  A jelly (D:6)
  2 hounds
  An orc priest (D:5)
  A centaur skeleton (D:6)
  4 worker ants
  An orc wizard (D:5)
  A killer bee zombie (D:6)
  A hound skeleton (D:6)
  11 adders
  3 river rats (Sewer)
  A shadow imp (D:5)
  6 oozes
  7 worms
  A leopard gecko (D:1)
  8 orcs
  6 giant cockroaches
  8 goblins
  4 hobgoblins
  3 quokkas
  2 ball pythons (Sewer)
  4 bats
  4 frilled lizards
  10 kobolds
  A quokka skeleton (D:4)
  14 rats
127 creatures vanquished.

Vanquished Creatures (collateral kills)
  Grinder (D:3)
  An ogre (D:6)
  A phantom (D:4)
  A bullfrog (D:6)
  2 wights (D:7)
  4 orc priests
  An orc wizard (D:7)
  An adder (Sewer)
  A river rat (Sewer)
  A shadow imp (D:6)
  A dart slug (D:1)
  A leopard gecko (D:1)
  11 orcs
  3 bats (D:1)
  2 giant cockroaches
  3 goblins (D:1)
  A hobgoblin (D:1)
  2 frilled lizards (D:1)
  2 kobolds (D:1)
40 creatures vanquished.

Grand Total: 167 creatures vanquished

Notes
Turn   | Place    | Note
-------+----------+-------------------------------------------
     0 | D:1      | Goblin1989 the Gnoll Summoner began the quest for the Orb.
     0 | D:1      | Reached XP level 1. HP: 13/13 MP: 6/6
   212 | D:1      | Reached XP level 2. HP: 19/19 MP: 7/7
   626 | D:1      | Reached XP level 3. HP: 25/25 MP: 9/9
   791 | D:1      | Reached skill level 5 in Spellcasting
  1075 | D:2      | Reached skill level 1 in Invocations
  1473 | D:2      | Found a faded altar of an unknown god.
  1978 | D:3      | Reached skill level 1 in Fighting
  1978 | D:3      | Reached skill level 1 in Short Blades
  1978 | D:3      | Reached skill level 1 in Long Blades
  1978 | D:3      | Reached skill level 1 in Axes
  1978 | D:3      | Reached skill level 1 in Maces & Flails
  1978 | D:3      | Reached skill level 1 in Polearms
  1978 | D:3      | Reached skill level 1 in Staves
  1978 | D:3      | Reached skill level 1 in Slings
  1978 | D:3      | Reached skill level 1 in Bows
  1978 | D:3      | Reached skill level 1 in Crossbows
  1978 | D:3      | Reached skill level 1 in Throwing
  1978 | D:3      | Reached skill level 1 in Armour
  1978 | D:3      | Reached skill level 1 in Shields
  1978 | D:3      | Reached skill level 1 in Unarmed Combat
  1978 | D:3      | Reached skill level 1 in Evocations
  1983 | D:3      | Reached XP level 4. HP: 27/32 MP: 8/11
  1987 | D:3      | Learned a level 2 spell: Call Imp
  2066 | D:3      | Learned a level 4 spell: Summon Lightning Spire
  2244 | D:3      | Noticed Grinder
  2245 | D:3      | Paralysed by Grinder for 2 turns
  2563 | D:3      | Reached skill level 1 in Conjurations
  2563 | D:3      | Reached skill level 1 in Hexes
  2563 | D:3      | Reached skill level 1 in Charms
  2563 | D:3      | Reached skill level 1 in Necromancy
  2563 | D:3      | Reached skill level 1 in Translocations
  2563 | D:3      | Reached skill level 1 in Transmutations
  2563 | D:3      | Reached skill level 1 in Fire Magic
  2563 | D:3      | Reached skill level 1 in Ice Magic
  2563 | D:3      | Reached skill level 1 in Air Magic
  2563 | D:3      | Reached skill level 1 in Earth Magic
  2563 | D:3      | Reached skill level 1 in Poison Magic
  2581 | D:3      | Paralysed by Grinder for 4 turns
  2868 | D:4      | Noticed a phantom
  2994 | D:4      | Killed a phantom
  2994 | D:4      | Reached XP level 5. HP: 15/37 MP: 9/12
  3193 | D:4      | Found a glowing drain.
  3202 | Sewer    | Entered a sewer
  3218 | Sewer    | Noticed a big kobold
  3235 | Sewer    | Killed a big kobold
  3235 | Sewer    | Reached XP level 6. HP: 32/44 MP: 13/13
  3457 | Sewer    | Reached skill level 5 in Dodging
  4458 | Sewer    | Reached XP level 7. HP: 49/50 MP: 15/15
  5759 | D:4      | Noticed Menkaure
  5784 | D:4      | Killed Menkaure
  5784 | D:4      | Reached skill level 5 in Stealth
  6003 | D:5      | Entered Level 5 of the Dungeon
  6037 | D:5      | Reached XP level 8. HP: 57/57 MP: 16/16
  6043 | D:5      | Found a snail-covered altar of Cheibriados.
  6053 | D:5      | Became a worshipper of Cheibriados the Contemplative
  6443 | D:5      | Found a staircase to the Ecumenical Temple.
  6477 | D:5      | Found an ancient bone altar of Kikubaaqudgha.
  6817 | D:5      | Learned a level 4 spell: Summon Ice Beast
  7146 | D:3      | Killed Grinder
  7542 | D:6      | Reached * piety under Cheibriados
  7753 | D:6      | Found Getal's Food Boutique.
  8113 | D:6      | Found an iron altar of Okawaru.
  8297 | D:6      | Reached ** piety under Cheibriados
  8297 | D:6      | Reached XP level 9. HP: 65/65 MP: 18/18
  8496 | D:6      | Got an iridescent broad axe
  8979 | D:7      | Found a deep blue altar of Sif Muna.
  9265 | D:7      | Reached skill level 8 in Summonings
  9280 | D:7      | Slain by a wight

Skill      XL: |  1  2  3  4  5  6  7  8  9 |
---------------+----------------------------+-----
Spellcasting   | 5 6 |  6.6
Invocations    | 1 2 3 4 |  4.6
Fighting       | 1 2 3 4 |  4.2
Short Blades   | 1 2 3 4 |  4.2
Long Blades    | 1 2 3 4 |  4.2
Axes           | 1 2 3 4 |  4.2
Maces & Flails | 1 2 3 4 |  4.2
Polearms       | 1 2 3 4 |  4.2
Staves         | 1 2 3 4 |  4.2
Slings         | 1 2 3 4 |  4.2
Bows           | 1 2 3 4 |  4.2
Crossbows      | 1 2 3 4 |  4.2
Throwing       | 1 2 3 4 |  4.2
Armour         | 1 2 3 4 |  4.2
Shields        | 1 2 3 4 |  4.2
Unarmed Combat | 1 2 3 4 |  4.2
Evocations     | 1 2 3 4 |  4.2
Conjurations   | 1 2 3 |  3.4
Hexes          | 1 2 3 |  3.4
Charms         | 1 2 3 |  3.4
Necromancy     | 1 2 3 |  3.4
Translocations | 1 2 3 |  3.4
Transmutations | 1 2 3 |  3.4
Fire Magic     | 1 2 3 |  3.4
Ice Magic      | 1 2 3 |  3.4
Air Magic      | 1 2 3 |  3.4
Earth Magic    | 1 2 3 |  3.4
Poison Magic   | 1 2 3 |  3.4
Dodging        | 5 6 |  6.3
Stealth        | 5 6 |  6.0
Summonings     | 8 |  8.0

Action                   |  1- 3 |  4- 6 |  7- 9 || total
-------------------------+-------+-------+-------++-------
Melee: Unarmed           |    32 |       |       ||    32
       Bite              |     7 |    17 |    49 ||    73
       Dagger            |    34 |    84 |   233 ||   351
       Short sword       |    35 |    99 |    61 ||   195
       Punch             |       |       |     4 ||     4
 Cast: Summon Small Mamm |    14 |     2 |       ||    16
       Call Imp          |       |    15 |    35 ||    50
       Summon Lightning  |       |       |     9 ||     9
 Stab: Sleeping          |     4 |     6 |    15 ||    25
       Distracted        |       |       |     1 ||     1
  Eat: Chunk             |     3 |     3 |    10 ||    16
       Ration            |       |     2 |     2 ||     4
Armor: Robe              |     9 |    17 |    35 ||    61
Dodge: Dodged            |    85 |   115 |   222 ||   422
Block: Buckler           |       |       |     6 ||     6

Levels and vault maps discovered:
D:1:      lemuel_arrival_behind_the_door_small, layout_rooms,
          kennysheep_another_room
D:2:      layout_basic, chequers_ecumenical_altar_island
D:3:      layout_loops_ring, first_ration, uniq_grinder
D:4:      layout_basic, cheibrodos_sewer_entry_drain, uniq_menkaure
D:5:      layout_loops_corners, lemuel_round_altar, kiku_gazebo_garden_becter,
          temple_doors_cd
D:6:      layout_basic, overflow_temple_1_default, serial_shops, shop,
          serial_rivers, chequers_serial_rivers_room_a,
          chequers_serial_rivers_micro_d, chequers_serial_rivers_micro_e,
          chequers_serial_rivers_small_3
D:7:      layout_rooms, basic_altar
Sewer:    sewer_co_tree
